 Dungeon Crawl Stone Soup version 0.17-a0-1635-gd4e48f1 (console) character file.

651 Monkaria the Conjurer (level 7, -4/32 HPs)
             Began as a Deep Elf Conjurer on Aug 5, 2015.
             Was an Initiate of Vehumet.
             Shot with an arrow by a centaur (13 damage)
             ... on level 5 of the Dungeon.
             The game lasted 00:06:42 (3327 turns).

Monkaria the Conjurer (Deep Elf Conjurer)           Turns: 3327, Time: 00:06:42

Health: -4/32      AC:  4    Str: 10    XL:     7   Next: 28%
Magic:  18/18      EV: 15    Int: 21    God:    Vehumet [......]
Gold:   67         SH:  0    Dex: 15    Spells: 2 memorised, 15 levels left

rFire  . . .     SeeInvis .     s - staff of energy
rCold  . . .     Rnd*Rage +     a - +0 robe
rNeg   . . .     SustAt   .     (no shield)
rPois  .         Gourm    .     q - +0 helmet
rElec  .         Spirit   .     (no cloak)
rCorr  .         Warding  .     (no gloves)
rMut   .         Stasis   .     l - +0 pair of boots
MR     .....                    (no amulet)
Stlth  ++........               (no ring)
                                e - +4 ring of strength

@: invisible, not resistant to hostile enchantments, unstealthy
A: talons 1, berserk 1, deterioration 1, frail 1
a: Renounce Religion


You were on level 5 of the Dungeon.
You worshipped Vehumet.
Vehumet was noncommittal.
You were very hungry.

You visited 2 branches of the dungeon, and saw 5 of its levels.

You collected 67 gold pieces.

Inventory:

Hand weapons
 j - a +1 dagger of speed
Missiles
 h - 2 curare-tipped needles
 m - 5 poisoned needles
Armour
 a - a +0 robe (worn)
 i - a cursed +0 ring mail
 l - a +0 pair of boots (worn)
 q - a +0 helmet (worn)
Magical staves
 s - an uncursed staff of energy (weapon)
Jewellery
 e - a +4 ring of strength (left hand)
Scrolls
 d - a scroll of teleportation {unknown}
 n - a scroll of remove curse {unknown}
 o - a scroll of noise {unknown}
 u - a scroll of blinking {unknown}
Potions
 p - a potion of magic {unknown}
 t - a potion of agility {unknown}
Books
 b - a book of Conjurations

   Spells                             Type                      Level
   a - Magic Dart                     Conjuration                  1
   b - Searing Ray                    Conjuration                  2
   c - Dazzling Spray                 Conjuration/Hexes            3
   d - Fulminant Prism                Conjuration/Hexes            4
   e - Iskenderun's Mystic Blast      Conjuration                  4
   f - Iskenderun's Battlesphere      Conjuration/Charms           5
 r - a book of Ice

   Spells                             Type                      Level
   a - Ice Form                       Ice/Transmutation            4
   b - Metabolic Englaciation         Hexes/Ice                    5
   c - Ozocubu's Refrigeration        Ice                          6
   d - Bolt of Cold                   Conjuration/Ice              6
   e - Freezing Cloud                 Conjuration/Ice/Air          6
   f - Simulacrum                     Ice/Necromancy               6
Comestibles
 c - 2 bread rations
 f - 2 slices of pizza


   Skills:
 + Level 5.5 Dodging
 - Level 2.4 Stealth
 - Level 6.2 Spellcasting
 - Level 7.2 Conjurations


You had 15 spell levels left.
You knew the following spells:

 Your Spells              Type           Power        Failure   Level  Hunger
a - Magic Dart            Conj           ####         1%          1    None
b - Searing Ray           Conj           #####.       1%          2    None


Dungeon Overview and Level Annotations

Branches:
Dungeon (5/15)             Temple (1/1) D:5

Altars:
Ashenzari
Cheibriados
Dithmenos
Elyvilon
Fedhas
Gozag
Kikubaaqudgha
Nemelex Xobeh
Okawaru
Ru
Sif Muna
Trog
Vehumet
Xom
Zin

Shops:
D:5 :

Annotations:
D:4 Sigmund


Innate Abilities, Weirdness & Mutations

You have sharp toenails.
You tend to lose your temper in combat.
Your body sometimes deteriorates upon taking damage.
You are frail (-10% HP).


Message History

Unknown command.
There is an open door, spattered with blood here.
You see here an arrow.
You start resting.
The centaur shoots an arrow.
The arrow hits you!
There is an open door, spattered with blood here.
You see here 2 arrows.
Casting: Searing Ray
Confirm with . or Enter, or press ? or * to list all spells.
Okay, then.
Drink which item? (? for menu, Esc to quit)
You feel better.
The centaur shoots an arrow.
The arrow hits you.
The centaur shoots an arrow.
The arrow hits you!
Drink which item? (? for menu, Esc to quit)
You feel better.
The centaur shoots an arrow.
The arrow hits you!
* * * LOW HITPOINT WARNING * * *
Drink which item? (? for menu, Esc to quit)
You fade into invisibility!
The centaur shoots an arrow.
The arrow hits you!
You die...

+....+...#......#....#........#
##.###...###....#....#........#
##.# #.⌠.# #....#....#........#
##.###...####...#....'........#
............'∩..#....#....#####
##..⌠..>..⌠.#...#....#....#
##..........#...#....#....#
.'.###...####...#....######
##.# #.⌠.# #...@.c...#
##.###...# #...#.....#
.....#...# #...#.....#
.....#...## #...#...###
.....#....# #...#...#
##...#....# #...#...#
.#...#....# #...'...+
.+...##'### #...#...#
.#'###....# #...#+###


You could see a centaur.

Vanquished Creatures
  A sky beast (D:5)
  An ogre (D:5)
  2 centaurs (D:5)
  A scorpion (D:5)
  A crimson imp (D:5)
  A hound (D:5)
  A centaur skeleton (D:5)
  An iguana (D:5)
  2 orc wizards (D:5)
  2 worker ants (D:5)
  A gnoll (D:4)
  A worm (D:2)
  3 giant geckos
  7 orcs (D:5)
  2 goblins (D:1)
  A hobgoblin (D:1)
  4 jackals (D:1)
  7 bats
  A giant newt (D:5)
  4 kobolds
  A rat (D:1)
45 creatures vanquished.

Notes
Turn   | Place    | Note
--------------------------------------------------------------
     0 | D:1      | Monkaria the Deep Elf Conjurer began the quest for the Orb.
     0 | D:1      | Reached XP level 1. HP: 10/10 MP: 6/6
     0 | D:1      | Noticed a tentacled monstrosity
     0 | D:1      | Noticed a tentacled monstrosity
     0 | D:1      | Noticed an ice dragon
     1 | D:1      | Noticed an orb of fire
     3 | D:1      | Noticed an ice dragon
     5 | D:1      | Noticed a tentacled monstrosity
     6 | D:1      | Noticed a large abomination
     8 | D:1      | Noticed an iron dragon
    10 | D:1      | Noticed a large abomination
    10 | D:1      | Noticed a shadow dragon
    12 | D:1      | Noticed an iron dragon
    16 | D:1      | Noticed a shadow dragon
    18 | D:1      | Noticed a tentacled monstrosity
    20 | D:1      | Noticed a large abomination
   348 | D:1      | Reached XP level 2. HP: 15/15 MP: 6/8
   391 | D:1      | Reached skill level 5 in Conjurations
   557 | D:1      | Found a shattered altar of Ashenzari.
   816 | D:2      | Learned a level 2 spell: Searing Ray
   930 | D:2      | You fall through a shaft for 2 floors!
   930 | D:4      | Noticed Sigmund
   987 | D:4      | Reached XP level 3. HP: 10/19 MP: 5/9
  1042 | D:5      | Entered Level 5 of the Dungeon
  1147 | D:5      | Noticed a centaur
  1159 | D:5      | Killed a centaur
  1159 | D:5      | Reached skill level 6 in Conjurations
  1159 | D:5      | Reached XP level 4. HP: 6/24 MP: 5/10
  1533 | D:5      | Found Birho's Book Emporium.
  1548 | D:5      | Found a staircase to the Ecumenical Temple.
  1553 | D:5      | Reached skill level 7 in Conjurations
  1553 | D:5      | Reached XP level 5. HP: 22/28 MP: 6/11
  1562 | Temple   | Entered the Ecumenical Temple
  1612 | Temple   | Became a worshipper of Vehumet
  2021 | D:5      | Reached skill level 5 in Spellcasting
  2021 | D:5      | Reached XP level 6. HP: 24/32 MP: 9/15
  2283 | D:5      | Noticed an ogre
  2290 | D:5      | Killed an ogre
  2454 | D:5      | Noticed a sky beast
  2464 | D:5      | Killed a sky beast
  2464 | D:5      | Reached XP level 7. HP: 28/36 MP: 9/18
  2468 | D:5      | Gained mutation: You have sharp toenails. [mutagenic meat]
  2469 | D:5      | Gained mutation: You tend to lose your temper in combat. [mutagenic meat]
  2470 | D:5      | Gained mutation: You are frail (-10% HP). [mutagenic meat]
  2471 | D:5      | Gained mutation: Your body sometimes deteriorates upon taking damage. [mutagenic meat]
  2515 | D:5      | Found a shadowy altar of Dithmenos.
  2516 | D:5      | Found a white marble altar of Elyvilon.
  2634 | D:5      | Reached skill level 5 in Dodging
  3315 | D:5      | Noticed a centaur
  3327 | D:5      | Shot with an arrow by a centaur

Vault maps used:
D:1:      shiori_arrival_whats_in_store_for_you, nicolae_ashenzari_panopticon
D:2:      wad_lake_hut, old_standard_altar, kennysheep_generic_room_4,
          uniq_crazy_yiuf_cottage
D:4:      first_bread, serial_shops, shop, minmay_hedge_maze, uniq_grinder,
          uniq_sigmund
D:5:      gammafunk_temple_overflow_statue, minmay_temple_entry_junction,
          serial_shops, shop
Temple:   temple_eino_lava_12

Action                   |  1- 3 |  4- 6 |  7- 9 || total
-------------------------+-------+-------+-------++-------
Melee: Unarmed           |     9 |       |       ||     9
 Cast: Magic Dart        |    52 |     9 |       ||    61
       Searing Ray       |     2 |    14 |     3 ||    19
  Use: Scroll            |       |     2 |       ||     2
       Potion            |       |       |     3 ||     3
  Eat: Chunk             |       |     5 |     5 ||    10
